 Dungeon Crawl Stone Soup version 0.30.1 (webtiles) character file.

Game seed: 15665556319369668259

54226 monsoonserge the Bludgeoner (level 14, -1/216 HPs)
             Began as a Troll Berserker on July 7, 2023.
             Was a High Priest of Trog.
             Slain by a naga
             ... wielding a +0 halberd
              (22 damage)
             ... on level 1 of the Snake Pit.
             The game lasted 01:10:16 (17419 turns).

monsoonserge the Bludgeoner (Troll Berserker)      Turns: 17419, Time: 01:10:16

Health: -1/216     AC: 14    Str: 39    XL:     14   Next: 33%
Magic:  13/13      EV:  8    Int:  5    God:    Trog [*****.]
Gold:   17         SH:  0    Dex:  9    Spells: 13/13 levels left

rFire   . . .        R - +3 giant club "Skullcrusher" {speed, Str+7}
rCold   . . .        (shield currently unavailable)
rNeg    + . .        N - +0 troll leather armour
rPois   +            (helmet restricted)
rElec   +            b - scarf of Agnosticism {+Inv, rN+ Will+ Int+2}
rCorr   +            (gloves unavailable)
SInv    .            (boots unavailable)
Will    ++++.        (no amulet) Stlth
                     i - +4 ring of protection
HPRegen 3.16/turn    r - ring of the Genius {rElec rPois rCorr AC+4}
MPRegen 0.13/turn

%: no passive effects
@: berserking (expiring), lethally poisoned (-1 -> -1), strong-willed,
regenerating, constricted, very quick
A: large, unfitting armour, claws 3, regeneration 1, shaggy fur 1, tough skin 1
a: Renounce Religion, Evoke Invisibility, Berserk, Trog's Hand, Brothers in Arms


You were on level 1 of the Snake Pit.
You worshipped Trog.
Trog was extremely pleased with you.
You visited 5 branches of the dungeon, and saw 22 of its levels.
You also visited: Ossuary.

You collected 3040 gold pieces.
You spent 3023 gold pieces at shops.

Inventory:

Hand Weapons
 R - the +3 giant club "Skullcrusher" (weapon) {speed, Str+7}
   (You bought it in a shop on level 3 of the Dungeon)

   Str:       It affects your strength (+7).
Missiles
 j - 29 poisoned darts (quivered)
 t - 3 javelins
 v - 12 large rocks
 w - 7 silver javelins
 G - 3 throwing nets
 T - 6 silver boomerangs
 U - 4 boomerangs
 Y - 2 curare-tipped darts
Armour
 b - the scarf of Agnosticism (worn) {+Inv, rN+ Will+ Int+2}
   (You acquired it on level 1 of the Orcish Mines)

   Int:       It affects your intelligence (+2).
   rN:        It protects you from negative energy.
   Will:      It increases your willpower.
 N - a +0 troll leather armour (worn)
Jewellery
 i - a +4 ring of protection (left claw)
 r - the ring of the Genius (right claw) {rElec rPois rCorr AC+4}
   (You bought it in a shop on level 1 of the Orcish Mines)

   [ring of protection]

   AC:        It affects your AC (+4).
   rElec:     It insulates you from electricity.
   rPois:     It protects you from poison.
   rCorr:     It protects you from acid and corrosion.
 K - a ring of protection from fire
 S - a +6 ring of dexterity
Wands
 h - a wand of mindburst (10)
 u - a wand of light (22)
 y - a wand of digging (8)
 B - a wand of roots (20)
 J - a wand of paralysis (15)
 P - a wand of flame (36)
 V - a wand of polymorph (9)
Scrolls
 a - a scroll of torment {unknown}
 d - 4 scrolls of poison
 e - a scroll of magic mapping
 k - 8 scrolls of fear
 l - 11 scrolls of teleportation
 n - a scroll of noise {unknown}
 A - 3 scrolls of fog
 E - a scroll of brand weapon {unknown}
 F - 2 scrolls of immolation
 I - 2 scrolls of blinking {unknown}
 L - 4 scrolls of summoning
 M - 2 scrolls of enchant armour {unknown}
 O - a scroll of vulnerability {unknown}
 Q - 2 scrolls of enchant weapon
Potions
 c - 6 potions of attraction
 f - 9 potions of heal wounds {unknown}
 g - 3 potions of flight {unknown}
 m - 7 potions of mutation
 o - 4 potions of resistance
 p - 8 potions of lignification
 q - a potion of berserk rage {unknown}
 s - a potion of invisibility {unknown}
 z - 5 potions of might
 C - 12 potions of curing
 D - 3 potions of degeneration {unknown}
 H - a potion of haste
 W - a potion of magic {unknown}
 X - 2 potions of ambrosia {unknown}
 Z - 2 potions of cancellation {unknown}
Miscellaneous
 x - a phantom mirror


   Skills:
 * Level 10.5 Fighting
 - Level 1.7(10.9) Axes
 * Level 17.8(17.9) Maces & Flails
 + Level 2.7 Throwing
 + Level 4.5 Armour
 + Level 7.5 Dodging
 - Level 1.0 Stealth
 * Level 1.9 Evocations


You had 13 spell levels left.
You didn't know any spells.
Your spell library contained the following spells:

 Spells                   Type           Power      Damage    Failure   Level
 Blink                    Tloc           0%         N/A       65%         2
 Ensorcelled Hibernation  Hex/Ice        0%         N/A       65%         2
 Dazzling Flash           Conj/Hex       0%         N/A       86%         3
 Ozocubu's Armour         Ice            0%         N/A       86%         3
 Spider Form              Tmut/Pois      0%         N/A       86%         3
 Volatile Blastmotes      Fire/Tloc      0%         2d10      86%         3
 Anguish                  Hex/Necr       0%         N/A       99%         4
 Iskenderun's Mystic Bla  Conj/Tloc      0%         2d3       99%         4
 Manifold Assault         Tloc           0%         N/A       99%         4
 Metabolic Englaciation   Hex/Ice        0%         N/A       100%        5
 Simulacrum               Ice/Necr       0%         N/A       100%        6
 Starburst                Conj/Fire      0%         6d3       100%        6
 Storm Form               Tmut/Air       0%         N/A       100%        7


Dungeon Overview and Level Annotations

Branches:
Dungeon (14/15)            Temple (1/1) D:4            Lair (4/5) D:11
 Shoals (0/4) Lair:3        Snake (1/4) Lair:3          Orc (2/2) D:10
 Vaults (0/5) D:14        Ossuary (visited)
  Slime: Lair:4-5       Elf: Orc:2

Altars:
Ashenzari
Cheibriados
Gozag
Nemelex Xobeh
Okawaru
Qazlal
Ru
Sif Muna
Trog
Uskayaw
Vehumet
Wu Jian
Xom
Zin
The Shining One

Shops:
D:3 (   D:7 *   D:11 =   D:12 (*   D:13 [*   Orc:1 *

Portals:
Trove: D:10 (give +7 demon blade)


Innate Abilities, Weirdness & Mutations

You are too large for most types of armour.
You have claws for hands.
Your natural rate of healing is unusually fast.
You are covered in fur. (AC +1)
You have tough skin. (AC +1)


Message History

The splash of poison hits you but does no damage.
You are poisoned.
You resist. The naga warrior constricts you.
* * * LOW HITPOINT WARNING * * *
You closely miss the guardian serpent.
The guardian serpent is heavily wounded.
You feel sick.
Unknown command.
You closely miss the guardian serpent.
The guardian serpent is heavily wounded.
You feel sick.
The guardian serpent coils itself and waves its upper body at you.
The bolt of poison hits you. You resist.
* * * LOW HITPOINT WARNING * * *
Unknown command.
You barely miss the guardian serpent.
The guardian serpent is heavily wounded.
Unknown command.
You bludgeon the guardian serpent!!
You kill the guardian serpent!
Trog accepts your kill.
Trog appreciates your killing of a magic user.
The naga hits you from afar with a +0 halberd!!
* * * LOW HITPOINT WARNING * * *
The naga warrior spits poison at you. The splash of poison hits you.
You resist.
* * * LOW HITPOINT WARNING * * *
The naga warrior constricts you.
* * * LOW HITPOINT WARNING * * *
You thump the naga warrior!
The naga warrior is lightly wounded.
You feel sick.
Unknown command.
You closely miss the naga warrior.
The naga warrior is lightly wounded.
You barely miss the naga warrior.
The naga warrior is lightly wounded.
You feel sick.
The naga hits you from afar with a +0 halberd!!
You die...

....# #.....####..## ....
#.....####...### ...#
#........##....# #..##
#........)......
#..###............#..
#...##..#.........###
..###...N..###...####..#.
........N)).###...# #.....
.....####@)..###..###.....
...# #.)...##.......... ..
#................. .
#.................
#....#............
#....###...........
#....##............
#.................#.
..#.................


You could see a naga warrior (strong, catching breath) and a naga (strong,
catching breath).

Vanquished Creatures
  Rupert (D:13)
  A minotaur (D:11)
  Harold (Orc:1)
  3 hydras
  A boulder beetle (Lair:1)
  2 two-headed ogres
  The ghost of bzaaaaa the Geomancer, a journeyman DEEE of Sif Muna (D:11)
  2 naga warriors (Snake:1)
  3 death yaks (Lair:3)
  A tengu warrior (D:14)
  An orc high priest (Orc:1)
  The ghost of howech the Cleaver, a novice MiBe of Trog (D:8)
  A skeletal warrior (D:13)
  A necromancer (D:14)
  A mana viper (Snake:1)
  A deep elf pyromancer (D:12)
  3 salamanders
  6 ugly things (D:14)
  2 cyclopes
  4 manticores
  8 elephants
  8 slime creatures
  3 black mambas
  A torpor snail (Lair:2)
  2 naga magi (Snake:1)
  2 gargoyles
  A guardian serpent (Snake:1)
  4 cane toads
  2 unseen horrors
  2 rime drakes
  5 komodo dragons
  4 kobold demonologists
  9 trolls
  A polar bear (Lair:4)
  A wind drake (Lair:3)
  4 dream sheep (Lair:1)
  17 blink frogs
  A hornet (D:9)
  2 shadows
  Sigmund (D:5)
  4 wyverns
  23 yaks
  A wraith (D:11)
  4 fire bats (Lair:1)
  2 fire elementals (Lair:1)
  10 vampire mosquitoes
  Grum (D:11)
  3 basilisks
  2 steam dragons
  Menkaure (D:5)
  Edmund (D:4)
  9 nagas
  An acid dragon (D:13)
  7 water moccasins
  8 orc warriors
  2 hornet zombies (D:6)
  4 ice beasts
  2 sky beasts
  An ogre (D:5)
  2 black bears
  6 centaurs
  15 wolves
  5 phantoms
  11 bullfrogs
  2 gnoll sergeants
  A wyvern zombie (D:6)
  3 scorpions
  6 water moccasin zombies
  8 wights
  3 killer bees
  An electric eel (D:13)
  2 howler monkeys
  3 lava snakes
  4 bullfrog zombies (D:6)
  2 centaur zombies (D:6)
  4 orc priests
  A gnoll bouda (D:7)
  4 hounds
  Crazy Yiuf (D:4)
  A centaur skeleton (D:6)
  A jelly (D:7)
  2 bullfrog skeletons (D:6)
  Ijyb (D:5)
  An iguana (D:6)
  2 sleepcaps
  11 orc wizards
  A killer bee zombie (D:6)
  2 mummies (Ossuary)
  A howler monkey zombie (D:6)
  22 gnolls
  7 adders
  A shadow imp (D:7)
  A white imp (D:5)
  An ufetubus (D:5)
  3 adder zombies (Ossuary)
  A worm (D:7)
  5 dart slugs (D:1)
  44 orcs
  6 bats
  10 endoplasms
  6 giant cockroaches
  3 gnoll zombies (Ossuary)
  9 hobgoblins
  5 quokkas
  10 ball pythons
  2 frilled lizards
  9 goblins
  A goblin zombie (D:6)
  5 hobgoblin zombies (Ossuary)
  10 kobolds
  9 kobold zombies (Ossuary)
  5 orc zombies (Ossuary)
  A quokka zombie (D:6)
  10 rats
  A fire vortex (D:11)
495 creatures vanquished.

Vanquished Creatures (others)
  A fire vortex (Lair:1)
1 creature vanquished.

Grand Total: 496 creatures vanquished

Notes
Turn   | Place    | Note
-------+----------+-------------------------------------------
     0 | D:1      | monsoonserge the Troll Berserker began the quest for the
                  | Orb.
     0 | D:1      | Reached XP level 1. HP: 22/22 MP: 0/0
    67 | D:1      | Reached skill level 3 in Maces & Flails
    67 | D:1      | Reached XP level 2. HP: 29/29 MP: 1/1
   249 | D:1      | Found a faded altar of an unknown god.
   413 | D:1      | Reached XP level 3. HP: 36/36 MP: 2/2
   414 | D:1      | Reached ** piety under Trog
   511 | D:2      | Found a snail-covered altar of Cheibriados.
   597 | D:2      | Reached XP level 4. HP: 40/44 MP: 3/3
   652 | D:2      | Reached skill level 1 in Axes
  1206 | D:3      | Reached *** piety under Trog
  1215 | D:3      | Reached XP level 5. HP: 49/52 MP: 4/4
  1385 | D:3      | Found Vagonuec's Weapon Boutique.
  1856 | D:4      | Reached skill level 4 in Maces & Flails
  1985 | D:4      | Reached XP level 6. HP: 57/61 MP: 5/5
  2074 | D:4      | Found a staircase to the Ecumenical Temple.
  2079 | Temple   | Entered the Ecumenical Temple
  2291 | D:4      | Found a runed translucent door.
  2292 | D:4      | Noticed Crazy Yiuf
  2299 | D:4      | Killed Crazy Yiuf
  2396 | D:4      | Noticed Edmund
  2411 | D:4      | Killed Edmund
  2412 | D:4      | Reached skill level 5 in Maces & Flails
  2446 | D:4      | Found an opulent altar of Gozag.
  2446 | D:4      | Found a sparkling altar of Nemelex Xobeh.
  2487 | D:5      | Entered Level 5 of the Dungeon
  2489 | D:5      | Noticed Menkaure
  2493 | D:5      | Killed Menkaure
  2494 | D:5      | Reached XP level 7. HP: 41/67 MP: 6/6
  2637 | D:5      | Identified the +1 mace of Immorality {drain, Fragile +Blink
                  | rPois Int+4}
  2667 | D:5      | Noticed Ijyb
  2668 | D:5      | Noticed Sigmund
  2690 | D:5      | Killed Sigmund
  2691 | D:5      | Reached skill level 6 in Maces & Flails
  2697 | D:5      | Reached **** piety under Trog
  2702 | D:5      | Reached skill level 1 in Stealth
  2702 | D:5      | Reached XP level 8. HP: 58/78 MP: 7/7
  2711 | D:5      | Reached skill level 7 in Maces & Flails
  2714 | D:5      | Paralysed by Ijyb for 5 turns
  2720 | D:5      | Killed Ijyb
  3104 | D:6      | Found a sand-covered staircase.
  3123 | D:6      | Reached skill level 8 in Maces & Flails
  3146 | Ossuary  | Entered an ossuary
  3370 | D:6      | Reached XP level 9. HP: 84/84 MP: 8/8
  3375 | D:6      | Reached skill level 9 in Maces & Flails
  3446 | D:6      | Reached skill level 5 in Dodging
  3451 | D:6      | Reached ***** piety under Trog
  3552 | D:6      | Reached skill level 10 in Maces & Flails
  3603 | D:6      | Found a stormy altar of Qazlal.
  3790 | D:6      | Found a radiant altar of Vehumet.
  3986 | D:7      | Found Gixuatyst's General Store.
  4108 | D:7      | Reached skill level 11 in Maces & Flails
  4176 | D:7      | Reached XP level 10. HP: 92/94 MP: 9/9
  4215 | D:7      | Received a gift from Trog
  4220 | D:7      | Reached skill level 5 in Fighting
  4391 | D:7      | Noticed a moth of wrath
  4394 | D:7      | Found a bloodstained altar of Trog.
  4823 | D:8      | Reached skill level 12 in Maces & Flails
  5186 | D:8      | Found a runed translucent gate.
  5187 | D:8      | Found a runed translucent gate.
  5187 | D:8      | Noticed a nine-headed hydra
  5187 | D:8      | Noticed howech's ghost (novice MiBe)
  5188 | D:8      | Found a runed translucent gate.
  5292 | D:8      | Noticed a gargoyle
  5296 | D:8      | Killed a gargoyle
  5574 | D:9      | Found a glowing golden altar of the Shining One.
  5947 | D:9      | Found a glowing silver altar of Zin.
  6399 | D:9      | Reached skill level 13 in Maces & Flails
  6558 | D:10     | Entered Level 10 of the Dungeon
  6567 | D:10     | Reached XP level 11. HP: 67/105 MP: 10/10
  7003 | D:3      | Bought the +3 giant club "Skullcrusher" {speed, Str+7} for
                  | 543 gold pieces
  7003 | D:3      | Found the +3 giant club "Skullcrusher" {speed, Str+7}
  7196 | D:10     | Reached skill level 1 in Throwing
  7230 | D:10     | Found a staircase to the Orcish Mines.
  7304 | D:10     | Found a portal to a secret trove of treasure.
  7495 | D:10     | Found a shimmering altar of Xom.
  7666 | D:10     | Reached skill level 1 in Evocations
  7760 | D:10     | Reached skill level 1 in Armour
  7910 | D:11     | Noticed Grum
  7941 | D:11     | Killed Grum
  8023 | D:11     | Found Luega's Jewellery Shoppe.
  8152 | D:7      | Bought a scroll of teleportation for 45 gold pieces
  8491 | D:11     | Found a runed translucent gate.
  8491 | D:11     | Found a runed translucent gate.
  8491 | D:11     | Found a runed translucent gate.
  8494 | D:11     | Noticed a minotaur
  8496 | D:11     | Noticed bzaaaaa's ghost (journeyman DEEE)
  8695 | D:11     | Found a staircase to the Lair.
  9051 | D:12     | Found Posuobb's Weapon Shoppe.
  9166 | D:12     | Reached skill level 14 in Maces & Flails
  9253 | D:12     | Received a gift from Trog
  9296 | D:12     | Noticed a deep elf pyromancer
  9308 | D:12     | Killed a deep elf pyromancer
  9633 | Lair:1   | Entered Level 1 of the Lair of Beasts
  9689 | Lair:1   | Reached XP level 12. HP: 114/118 MP: 11/11
  9931 | Lair:1   | Found a hide-covered altar of Uskayaw.
  9953 | Lair:1   | Noticed a boulder beetle
  9954 | Lair:1   | Found an ornate altar of the Wu Jian Council.
  9961 | Lair:1   | Killed a boulder beetle
 10536 | Lair:1   | Reached skill level 15 in Maces & Flails
 10692 | D:7      | Bought a potion of haste for 150 gold pieces
 10893 | Orc:1    | Entered Level 1 of the Orcish Mines
 11031 | Orc:1    | Noticed Harold
 11048 | Orc:1    | Killed Harold
 11239 | Orc:1    | Found Jocsyagg's General Store.
 11352 | Orc:2    | Entered Level 2 of the Orcish Mines
 11379 | Orc:2    | Noticed an orc high priest
 11379 | Orc:2    | Noticed an orc high priest
 11385 | Orc:1    | Killed an orc high priest
 11503 | D:12     | Noticed a two-headed ogre
 11517 | D:12     | Killed a two-headed ogre
 12043 | D:13     | Found Begh's General Store.
 12315 | D:13     | Found Ujyrch's Armour Shop.
 12547 | D:14     | Noticed a two-headed ogre
 12566 | D:14     | Killed a two-headed ogre
 12623 | D:14     | Received a gift from Trog
 12629 | D:14     | Reached XP level 13. HP: 95/128 MP: 12/12
 12693 | D:14     | Reached skill level 16 in Maces & Flails
 12773 | D:14     | Found a gate to the Vaults.
 12891 | D:14     | Noticed Rupert
 12920 | D:13     | Killed Rupert
 13620 | Lair:2   | Found a broken altar of Ashenzari.
 14286 | Lair:3   | Reached ****** piety under Trog
 14483 | Lair:3   | Reached skill level 17 in Maces & Flails
 14566 | Lair:3   | Found a staircase to the Shoals.
 14581 | Lair:3   | Found a staircase to the Snake Pit.
 14844 | Lair:3   | Received a gift from Trog
 15414 | Lair:3   | Reached skill level 10 in Fighting
 15437 | Lair:3   | Reached XP level 14. HP: 82/143 MP: 13/13
 15693 | Orc:1    | Bought a scroll of acquirement for 728 gold pieces
 15698 | Orc:1    | Acquired the scarf of Agnosticism {+Inv, rN+ Will+ Int+2}
 15714 | Orc:1    | Acquired 1359 gold pieces
 15718 | Orc:1    | Bought the ring of the Genius {rElec rPois rCorr AC+4} for
                  | 837 gold pieces
 15951 | D:8      | Killed howech's ghost
 16161 | D:11     | Killed bzaaaaa's ghost
 16221 | D:11     | Identified the +0 scimitar of Insufficient Pleasure
                  | {protect, rF++ Will- Dex+5}
 16420 | D:7      | Bought a phantom mirror for 600 gold pieces
 16565 | D:13     | Bought a scroll of enchant weapon for 120 gold pieces
 16940 | Snake:1  | Entered Level 1 of the Snake Pit
 17419 | Snake:1  | Slain by a naga

Illustrated notes

Levels and vault maps discovered:
D:1:      tarquinn_simple_flora_water_e, layout_basic,
          shapermc_ecumenical_altar_mp_highgroup, minmay_ruptured
D:2:      layout_rooms, basic_altar, minmay_close_crescents
D:3:      layout_loops_ring, serial_shops, nicolae_diamond_shop,
          minmay_crystal_water, grunt_ministairs_8
D:4:      layout_cave_pods, grunt_temple_overflow_opulence, temple_doors_e,
          uniq_crazy_yiuf_cottage, uniq_edmund
D:5:      layout_basic, minmay_misc_feat_pillars, uniq_sigmund, uniq_menkaure,
          uniq_ijyb
D:6:      layout_rooms, nicolae_qazlal_general_emergency, marbit_many_paths,
          serial_undead, serial_undead_d, serial_undead_d, serial_undead_f,
          serial_undead_e, serial_undead_d, serial_undead_a, serial_undead_f,
          enter_ossuary_4
D:7:      layout_gridville, tgw_trog, kennysheep_windowed_goal
D:8:      layout_loops_cross, gammafunk_ghost_hydra_chop, minmay_small_thing
D:9:      layout_basic, zin_statuary, tso_metal_star
D:10:     layout_irregular_city, kennysheep_mini, orc_0_dummy,
          trove_entry_hex_spiral, kennysheep_generic_room_2
D:11:     layout_long_grid, lair_entry_dummy, maelrawn_ghost_gauntlet_escape,
          serial_shops, nicolae_shop_pleasant_corner_grove,
          minmay_misc_feat_columns, grunt_ministairs_14, uniq_grum
D:12:     layout_irregular_city, serial_shops, kennysheep_little_box,
          serial_bayou_pond_e
D:13:     layout_rooms, serial_shops, shop, shop,
          chequers_serial_rivers_micro_c, kennysheep_generic_room_9
D:14:     layout_stronghold, david_vaults_1, uniq_rupert
Temple:   nicolae_temple_ecumenical_triangle
Lair:1:   layout_chaotic_city, nicolae_lair_grove_arrangements,
          chequers_serial_rivers_micro_d, nzn_masters_of_martial_movement,
          infiniplex_staircase_pool_2
Lair:2:   layout_regular_city, basic_altar, ldierk_geyser, lemuel_fruit_fields
Lair:3:   layout_misc_corridors, minmay_shoals_entry_beasts,
          nicolae_snake_entry_warm_welcome
Lair:4:   gammafunk_lair_enchanted_lake, layout_hall_layers, grunt_megastairs_1,
          lemuel_fruit_tree
Snake:1:  layout_layer_cave, serial_shops, shop, serial_bayou_shore_b
Orc:1:    layout_caves, serial_shops, shop, uniq_harold
Orc:2:    st_orc_rangers, layout_caves, gammafunk_ghost_berserking_beasts,
          nicolae_orc_sculptors_studio, uniq_josephine

Skill      XL: |  1  2  3  4  5  6  7  8  9 10 11 12 13 |
---------------+----------------------------------------+-----
Maces & Flails | 3 4 5 6 8 11 13 14 15 17 | 17.8
Axes           | 1 |  1.7
Dodging        | 3 4 5 6 7 |  7.5
Fighting       | 3 4 5 7 8 10 | 10.5
Stealth        | 1 |  1.0
Throwing       | 2 |  2.7
Evocations     | 1 |  1.9
Armour         | 2 3 4 |  4.5

Action                     |  1- 3 |  4- 6 |  7- 9 | 10-12 | 13-15 || total
---------------------------+-------+-------+-------+-------+-------++-------
  Melee: Mace              |    46 |       |       |       |       ||    46
         Hand axe          |    53 |    55 |       |       |       ||   108
         Punch             |     2 |       |       |       |       ||     2
         Flail             |       |    98 |       |       |       ||    98
         Quarterstaff      |       |     9 |       |       |       ||     9
         Dire flail        |       |     3 |   379 |   220 |       ||   602
         Giant club        |       |       |       |   456 |   472 ||   928
  Throw: Dart              |       |       |     7 |    16 |     4 ||    27
         Boomerang         |       |       |       |     5 |       ||     5
 Invoke: Berserk           |       |     4 |     3 |     6 |     4 ||    17
         Trog's Hand       |       |       |     1 |     1 |     1 ||     3
    Use: Scroll            |       |       |       |    11 |     4 ||    15
         Potion            |       |       |       |       |     1 ||     1
   Stab: Sleeping          |     1 |     1 |     1 |     2 |       ||     5
         Distracted        |       |       |     1 |       |       ||     1
 Armour: Animal skin       |    39 |    62 |   291 |    69 |       ||   461
         Troll leather arm |       |       |       |   212 |   122 ||   334
  Dodge: Dodged            |    53 |    92 |   308 |   322 |   168 ||   943
         Repelled          |       |       |       |       |     1 ||     1
